cohdb
Replays
Latest Replays
All Replays
Popular Replays
Top Player Replays
Match Explorer
How It Works
Community
CoH3 Stats
Reddit
Sign in to upload your games and track your stats! →
Sign in with Steam
Match 48413297
Unlisted
Match 48413297
Overview
Messages
Build Orders
End
Selects Italian Combined Arms Battlegroup
Selects Bersaglieri Squad
Bersaglieri Squad
Kradschützen Motorcycle Team
Bersaglieri Squad
250 Light Carrier
Construct Light Support Kompanie
Construct Mechanized Kompanie
Assault Mechanized Group
8 Rad Armored Car
Bersaglieri Squad
Selects Semovente da 75/18 Assault Gun
Selects Carro Armato M13/40 Light Tank
Carro Armato M13/40 Light Tank
Selects Bersaglieri Bolster
Selects Breda Model 30 Light Machine Guns
MG34 Team
Construct Panzerarmee Kommand
Walking Stuka Rocket Launcher
Selects Artillery Cover
Armored Reserves
Artillery Cover
StuG Assault Group
Mael Radec
队友都是菜逼
Mr Gizard The Lizard Wizard
stevaf
0
0
Comments
sign in to comment!
No comments posted yet!